[Event "Late-Titled-Tuesday-Blitz-September-19-2023"]
[Site "Chess.com"]
[Date "2023.09.19"]
[Round "3"]
[White "ozates"]
[Black "arenal72"]
[Result "1-0"]
[WhiteElo "2589"]
[BlackElo "2416"]
[TimeControl "180+1"]
[EndTime "14:25:48 PDT"]
[Termination "ozates won by resignation"]

1. e4 Nc6 2. Nf3 d6 3. d4 Nf6 4. d5 Nb8 5. Bd3 g6 6. c4 Bg7 7. Nc3 O-O 8. h3 e5 9. dxe6 fxe6 10. O-O e5 11. c5 h6 12. cxd6 cxd6 13. Bc4+ Kh7 14.
Qd3 a6 15. Be3 Nc6 16. Rad1 b5 17. Bb3 Ne8 18. Nh2 Nd4 19. Bxd4 exd4 20. Ne2 Qg5 21. f4 Qc5 22. Nxd4 Bb7 23. Kh1 Nc7 24. f5 Bxd4 25.
Qxd4 Qxd4 26. Rxd4 gxf5 27. Rxd6 Rad8 28. Rxd8 Rxd8 29. exf5 Rd2 30. Nf3 Rxb2 31. Re1 Nd5 32. Re5 Nf4 33. Re7+ Kh8 34. Rxb7 Nxg2 35. Ne5 Nf4 36.
Ng6+ Nxg6 37. fxg6 Rb1+ 38. Kh2 Rb2+ 39. Kg3 1-0

[Event "Late-Titled-Tuesday-Blitz-September-19-2023"]
[Site "Chess.com"]
[Date "2023.09.19"]
[Round "3"]
[White "Defend1r"]
[Black "rookoco"]
[Result "1-0"]
[WhiteElo "2506"]
[BlackElo "2696"]
[TimeControl "180+1"]
[EndTime "14:25:50 PDT"]
[Termination "Defend1r won by resignation"]

1. e4 c5 2. Nf3 d6 3. Bb5+ Bd7 4. Bxd7+ Nxd7 5. c4 Ndf6 6. Nc3 e6 7. d4 cxd4 8.
Nxd4 Ne7 9. Be3 Nc6 10. O-O Be7 11. h3 O-O 12. Qe2 Rc8 13. Rfd1 Nd7 14. Ndb5 Nce5 15.
Nxa7 Rxc4 16. f4 Rxc3 17. bxc3 Ng6 18. Nb5 Nf6 19. Qd3 Qa5 20. c4 Rd8 21. a4 h5 22.
Qd4 h4 23. Qb6 Qb4 24. Nxd6 Qxb6 25. Bxb6 Rxd6 26. Rxd6 Bxd6 27. e5 Nxe5 28. fxe5 Bxe5 29. Rd1 g5 30. c5 Nd5 31. a5 f5 32. Rb1 Bd4+ 33. Kh1 g4 34. c6 Bxb6 35. axb6 1-0

[Event "Late-Titled-Tuesday-Blitz-September-19-2023"]
[Site "Chess.com"]
[Date "2023.09.19"]
[Round "3"]
[White "infinitegiantkiller"]
[Black "Ramosha"]
[Result "0-1"]
[WhiteElo "2463"]
[BlackElo "2637"]
[TimeControl "180+1"]
[EndTime "14:25:50 PDT"]
[Termination "Ramosha won by checkmate"]

1. Nf3 Nc6 2. g3 e5 3. Bg2 e4 4. Ng1 Nf6 5. d3 exd3 6. cxd3 d5 7. Nc3 Bb4 8. Bd2 O-O 9. a3 Ba5 10. Nf3 Re8 11. O-O Bg4 12. h3 Bh5 13. g4 Bg6 14.
Nh4 Bb6 15. Nxg6 hxg6 16. Na4 Ne5 17. Nxb6 axb6 18. Bc3 Qd6 19. Rc1 Rad8 20. Re1 Nexg4 21. hxg4 Nxg4 22. e3 Qh2+ 23. Kf1 Qh4 24. Rc2 c5 25. d4 c4 26. Bf3 Qh3+ 27. Ke2 Nh2 28. Kd2 Nxf3+ 29.
Kc1 Nxe1 30. Qxe1 Qf3 31. Re2 Re4 32. Qd2 Rde8 33. Re1 g5 34. Rg1 Rg4 35. Rf1 Ree4 36. a4 Rh4 37. b3 cxb3 38. Kb2 Rh1 39. Rxh1 Qxh1 40. Kxb3 Qb1+ 41. Bb2 Re6 42. Qb4 Rc6 43.
Qb5 Qc2+ 44. Ka2 Qc4+ 45. Qxc4 Rxc4 46. Kb3 f5 47. Bc3 g6 48. f3 Kf7 49. e4 fxe4 50. fxe4 Ke6 51. exd5+ Kxd5 52. Kc2 g4 53. Kd3 Rxc3+ 54.
Kxc3 g3 55. Kd3 g2 56. Kc3 g1=Q 57. Kb4 Qxd4+ 58. Kb5 Qc5# 0-1

[Event "Late-Titled-Tuesday-Blitz-September-19-2023"]
[Site "Chess.com"]
[Date "2023.09.19"]
[Round "3"]
[White "SalihEke"]
[Black "rezamahdavi2008"]
[Result "0-1"]
[WhiteElo "2502"]
[BlackElo "2858"]
[TimeControl "180+1"]
[EndTime "14:25:51 PDT"]
[Termination "rezamahdavi2008 won by resignation"]

1. d4 Nf6 2. c4 g6 3. Nf3 d6 4. Nc3 Bg7 5. e4 O-O 6. Be2 e5 7. Be3 exd4 8. Bxd4 Nc6 9. Be3 Re8 10. Qc2 Ng4 11.
Bg5 Nd4 12. Qd2 Nxf3+ 13. gxf3 Bf6 14. h4 h6 15. fxg4 hxg5 16. hxg5 Bxg5 17. f4 Bh4+ 18. Kd1 Bf6 19. Kc2 Bg7 20. Bd3 b5 21. cxb5 Bb7 22.
f5 d5 23. exd5 Qd6 24. fxg6 fxg6 25. Qg5 Rf8 26. Qxg6 Rf2+ 27. Kb3 Rxb2+ 28. Kxb2 Qb4+ 29. Kc1 Qxc3+ 30. Kd1 Qxa1+ 31. Ke2 Qxh1 32. d6 cxd6 33. Bc4+ Bd5 34. Bxd5+ Qxd5 35. Qe6+ Qxe6+ 0-1

[Event "Late-Titled-Tuesday-Blitz-September-19-2023"]
[Site "Chess.com"]
[Date "2023.09.19"]
[Round "3"]
[White "Mike24147"]
[Black "simplerXiao"]
[Result "0-1"]
[WhiteElo "2365"]
[BlackElo "2560"]
[TimeControl "180+1"]
[EndTime "14:25:53 PDT"]
[Termination "simplerXiao won on time"]

1. c4 Nf6 2. g3 e5 3. Bg2 Bc5 4.
Nc3 O-O 5. e3 c6 6. Nge2 Re8 7.
O-O e4 8. d4 Bf8 9. d5 d6 10.
h3 a5 11. Nf4 Na6 12. g4 h6 13.
Rb1 Nc5 14. b3 cxd5 15. cxd5 Bd7 16. Ba3 b5 17. b4 Na6 18. Qd4 Rc8 19. Rfc1 Rc4 20.
Qa7 Nxb4 21. Bf1 Rxc3 22. Rxc3 Nbxd5 23. Nxd5 Nxd5 24. Rcc1 b4 25. Bb2 Be6 26. Qd4 h5 27.
Bb5 Re7 28. g5 Rb7 29. Bc6 Qxg5+ 30. Kh2 Qf5 31. Bxb7 Qxf2+ 32. Kh1 Qf3+ 33. Kg1 Qg3+ 34. Kh1 Qxh3+ 35. Kg1 Qg3+ 36. Kh1 Nxe3 37. Bxe4 Bg4 38. Qd2 Qf4 39. Rg1 Qxe4+ 40. Kh2 Qf4+ 41. Kh1 Bf3+ 0-1

[Event "Late-Titled-Tuesday-Blitz-September-19-2023"]
[Site "Chess.com"]
[Date "2023.09.19"]
[Round "3"]
[White "Lennis93"]
[Black "Squirlolz"]
[Result "1-0"]
[WhiteElo "2732"]
[BlackElo "2494"]
[TimeControl "180+1"]
[EndTime "14:25:56 PDT"]
[Termination "Lennis93 won on time"]

1. Nf3 Nf6 2. d4 e6 3. Bg5 h6 4.
Bxf6 Qxf6 5. e4 d5 6. e5 Qd8 7. c3 c5 8. Nbd2 Nc6 9. a3 Qb6 10. Qb3 Bd7 11. Qxb6 axb6 12. Rc1 Be7 13. Bd3 g5 14. g4 h5 15. Rg1 hxg4 16. Rxg4 f5 17. exf6 Bxf6 18. Rg2 cxd4 19. cxd4 Nxd4 20. Rc7 Nxf3+ 21.
Nxf3 Bxb2 22. Rxb7 Rxa3 23. Ke2 Bf6 24. Rxb6 O-O 25.
Nxg5 Bd4 26. Nxe6+ Kh8 27. Nxd4 1-0

[Event "Late-Titled-Tuesday-Blitz-September-19-2023"]
[Site "Chess.com"]
[Date "2023.09.19"]
[Round "3"]
[White "jinxy2009"]
[Black "Arteler"]
[Result "0-1"]
[WhiteElo "2307"]
[BlackElo "2539"]
[TimeControl "180+1"]
[EndTime "14:25:57 PDT"]
[Termination "Arteler won on time"]

1. e4 e6 2. d4 d5 3. e5 c5 4. c3 Qb6 5. Nf3 Nc6 6. Bd3 cxd4 7. O-O Bd7 8. Re1 Bc5 9. b4 Be7 10. b5 Na5 11. Nxd4 Nh6 12. a4 Nf5 13. Nxf5 exf5 14.
Qf3 O-O 15. Qxd5 Be6 16. Qf3 Nb3 17. Ba3 Qd8 18. Bxe7 Qxe7 19. Ra2 Nd4 20. cxd4 Bxa2 21. Nc3 Qb4 22. Rc1 Be6 23. d5 Bd7 24. Bxf5 Bxf5 25. Qxf5 Rac8 26. Qd3 Rc5 27. d6 Qb2 28. Rc2 Qa1+ 29. Nd1 Rxe5 30. Re2 Rxe2 31. Qxe2 Qd4 32. g3 Qxd6 33. Ne3 Re8 34. Qc4 Qe6 35. Qc7 Qe4 36.
h4 h5 0-1

[Event "Late-Titled-Tuesday-Blitz-September-19-2023"]
[Site "Chess.com"]
[Date "2023.09.19"]
[Round "3"]
[White "KorolDimitriy75"]
[Black "MikeSailer"]
[Result "1-0"]
[WhiteElo "2382"]
[BlackElo "2183"]
[TimeControl "180+1"]
[EndTime "14:25:58 PDT"]
[Termination "KorolDimitriy75 won by resignation"]

1. d4 d5 2. c4 Bf5 3. Nc3 e6 4. e3 Nc6 5. a3 Nf6 6. Nf3 h6 7. Bd3 Ne4 8. O-O Be7 9. Qc2 Nxc3 10. Bxf5 exf5 11. bxc3 g6 12. cxd5 Qxd5 13. c4 Qe4 14.
Qb3 Rb8 15. Bb2 Bf6 16. d5 Ne5 17. Nxe5 Bxe5 18. f3 Bxh2+ 19. Kxh2 Qh4+ 20. Kg1 O-O 21. Qc3 f6 22. Qd4 Qh5 23. e4 Rbe8 24. Rae1 f4 25. e5 fxe5 26. Rxe5 Rxe5 27. Qxe5 Qxe5 28. Bxe5 1-0

[Event "Late-Titled-Tuesday-Blitz-September-19-2023"]
[Site "Chess.com"]
[Date "2023.09.19"]
[Round "3"]
[White "Rital44"]
[Black "Zapateado"]
[Result "0-1"]
[WhiteElo "2558"]
[BlackElo "2423"]
[TimeControl "180+1"]
[EndTime "14:25:59 PDT"]
[Termination "Zapateado won by checkmate"]

1. Nf3 c5 2. c4 g6 3. d4 cxd4 4. Nxd4 Nc6 5. e4 Nf6 6. Nc3 d6 7. Nc2 Bg7 8. Be2 O-O 9. O-O Be6 10. Be3 Qa5 11. Qd2 Rfc8 12. b3 Ng4 13. Nd4 Nxe3 14. fxe3 Qg5 15. Rad1 Bh6 16. Rf3 Nxd4 17. Qxd4 Bg7 18.
Qd3 Qe5 19. Nd5 Bxd5 20. exd5 f5 21. Rdf1 a6 22. a4 b5 23. axb5 axb5 24. cxb5 Rc3 25. Qd1 Rxe3 26. Rxe3 Qxe3+ 27. Kh1 Ra2 28. Bf3 Be5 29. Re1 Qf4 30. g3 Qb4 31. Be2 Rd2 32. Qc1 Qe4+ 33. Kg1 Bd4+ 34. Kf1 Qh1# 0-1

[Event "Late-Titled-Tuesday-Blitz-September-19-2023"]
[Site "Chess.com"]
[Date "2023.09.19"]
[Round "3"]
[White "MalyDominator"]
[Black "NowInChess"]
[Result "0-1"]
[WhiteElo "2440"]
[BlackElo "2258"]
[TimeControl "180+1"]
[EndTime "14:26:00 PDT"]
[Termination "NowInChess won by resignation"]

1. e4 e6 2. d4 d5 3. Nc3 Nc6 4. Nf3 Nf6 5. e5 Ne4 6. Bd3 Bb4 7. O-O Nxc3 8. bxc3 Bxc3 9. Ba3 a5 10. Rb1 Bb4 11.
Bc1 b6 12. c3 Be7 13. c4 Nb4 14. cxd5 Nxd3 15. d6 cxd6 16. Qxd3 Ba6 17. Qe4 d5 18. Qg4 Bxf1 19. Qxg7 Bd3 20. Qxh8+ Kd7 21. Qxd8+ Bxd8 22. Rb3 Bc4 23. Rb2 b5 24. h4 Be7 25. Rc2 Rc8 26. h5 Bxa2 27. Rxc8 Kxc8 28. g4 b4 29. g5 b3 30. Ne1 Bb1 31. f4 a4 32. Kf2 a3 33.
Ke3 b2 0-1

[Event "Late-Titled-Tuesday-Blitz-September-19-2023"]
[Site "Chess.com"]
[Date "2023.09.19"]
[Round "3"]
[White "TheMagician"]
[Black "JG-17"]
[Result "0-1"]
[WhiteElo "2234"]
[BlackElo "2516"]
[TimeControl "180+1"]
[EndTime "14:26:05 PDT"]
[Termination "JG-17 won on time"]

1. e4 c5 2. Nf3 d6 3. d4 cxd4 4. Nxd4 Nf6 5. Nc3 g6 6. Bc4 Nc6 7. Bb3 Bg7 8. Be3 Ng4 9. Nxc6 bxc6 10. Ba4 Nxe3 11. Bxc6+ Bd7 12. Bxd7+ Qxd7 13. fxe3 Rc8 14. Qd3 Qc6 15. O-O Bxc3 16. bxc3 Qxc3 17. Qxc3 Rxc3 18. Rfb1 O-O 19. Rb7 Rxc2 20. Rxa7 Rb8 21. Kh1 Rbb2 22. Rg1 e6 23. a4 Ra2 24. a5 Rc5 25. Ra6 Rcxa5 26. Rxd6 Re5 27. Rd3 Rxe4 28. Re1 Rc4 29.
h3 Rcc2 30. Rg1 Re2 31. Kh2 Ra4 32. Kg3 Kg7 33. Kf3 Raa2 34. e4 h5 35. Re3 Rf2+ 36. Kg3 g5 37. e5 Kg6 38. h4 g4 39. Re4 Rf5 40. Re3 Raf2 0-1

[Event "Late-Titled-Tuesday-Blitz-September-19-2023"]
[Site "Chess.com"]
[Date "2023.09.19"]
[Round "3"]
[White "farzadbfd"]
[Black "DishonorOnYourCow"]
[Result "1/2-1/2"]
[WhiteElo "2685"]
[BlackElo "2490"]
[TimeControl "180+1"]
[EndTime "14:26:07 PDT"]
[Termination "Game drawn by repetition"]

1. d4 Nf6 2. Nf3 g6 3. Bg5 Ne4 4. Bf4 d5 5. e3 Bg7 6. Bd3 c5 7. c3 cxd4 8. exd4 Nf6 9. h3 O-O 10. O-O Nc6 11. Re1 Bf5 12. Bf1 Qb6 13. Qc1 Rac8 14.
Nbd2 Ne4 15. g4 Nxd2 16. Qxd2 Be4 17. Ng5 e5 18. dxe5 Nxe5 19. Bxe5 Bxe5 20. Nxe4 dxe4 21. Rxe4 Bc7 22. Rae1 Rcd8 23. Qe2 Qd6 24. Bg2 Qh2+ 25. Kf1 Bb6 26. Qf3 f5 27. Qf4 fxe4 28. Qxh2 Rxf2+ 29.
Kg1 Re2+ 30. Kf1 Rf2+ 31. Kg1 Re2+ 32. Kf1 Rf2+ 1/2-1/2

[Event "Late-Titled-Tuesday-Blitz-September-19-2023"]
[Site "Chess.com"]
[Date "2023.09.19"]
[Round "3"]
[White "GoldenShare"]
[Black "UK_23"]
[Result "1-0"]
[WhiteElo "2594"]
[BlackElo "2411"]
[TimeControl "180+1"]
[EndTime "14:26:07 PDT"]
[Termination "GoldenShare won by resignation"]

1. e4 e5 2. Nf3 Nc6 3. Nc3 Nf6 4. a3 Bd6 5. Bc4 O-O 6. d3 Re8 7.
O-O h6 8. h3 Bf8 9. Re1 d6 10. d4 exd4 11. Nxd4 Ne5 12. Ba2 c6 13. Bf4 Ng6 14. Bg3 d5 15. e5 Nh7 16. f4 f6 17. Qh5 Nh8 18. Rad1 g6 19. Qf3 f5 20. Nxc6 bxc6 21. Nxd5 Kg7 22. Nf6 Qe7 23. Bh4 Qc5+ 24.
Kh1 Be6 25. Nxe8+ Rxe8 26. Bxe6 Rxe6 27. Rd7+ Nf7 28. Qb3 Qa5 29. Qxe6 1-0

[Event "Late-Titled-Tuesday-Blitz-September-19-2023"]
[Site "Chess.com"]
[Date "2023.09.19"]
[Round "3"]
[White "GMJustin"]
[Black "RIPOL"]
[Result "1/2-1/2"]
[WhiteElo "2254"]
[BlackElo "2411"]
[TimeControl "180+1"]
[EndTime "14:26:07 PDT"]
[Termination "Game drawn by repetition"]

1. d4 Nf6 2. c4 e6 3. Nf3 d5 4. Nbd2 c5 5. cxd5 exd5 6. dxc5 Bxc5 7. Nb3 Bb6 8. Bf4 Nc6 9. e3 O-O 10. Be2 Bg4 11. O-O Re8 12. h3 Bh5 13. Rc1 Ne4 14.
Nfd4 Bxe2 15. Nxe2 Qf6 16. Nbd4 Nxd4 17. Nxd4 Bxd4 18.
Qxd4 Qxd4 19. exd4 Rac8 20. f3 Nf6 21. Kf2 h6 22.
Rxc8 Rxc8 23. Rc1 Rxc1 24. Bxc1 Kf8 25. Bf4 Ke7 26. Be5 Ne8 27. Ke3 f6 28. Bb8 a6 29. a4 g6 30. g4 Ng7 31. Bg3 Ne6 32. h4 f5 33. Be5 h5 34. g5 Kd7 35.
b4 b5 36. axb5 axb5 37. f4 Nd8 38. Kd3 Nc6 39. Kc3 Ke6 40. Bf6 Kd7 41. Be5 Ke6 42. Bf6 Kd7 43. Be5 1/2-1/2

[Event "Late-Titled-Tuesday-Blitz-September-19-2023"]
[Site "Chess.com"]
[Date "2023.09.19"]
[Round "3"]
[White "biostatistician"]
[Black "dretch"]
[Result "0-1"]
[WhiteElo "2574"]
[BlackElo "2846"]
[TimeControl "180+1"]
[EndTime "14:26:11 PDT"]
[Termination "dretch won by resignation"]

1. d4 d5 2. Nf3 Nf6 3. c4 c6 4.
Nc3 dxc4 5. a4 Bf5 6. e3 e6 7. Bxc4 Bb4 8. O-O Nbd7 9. Qe2 Bg4 10. e4 Nb6 11. Bb3 Bxf3 12. Qxf3 Qxd4 13. a5 Nbd7 14. Be3 Qe5 15. Bf4 Qh5 16. Qg3 O-O 17. e5 Bxc3 18. bxc3 Nd5 19. a6 b6 20. Rfe1 Nxf4 21.
Qxf4 Nc5 22. Bc2 Rad8 23. Re3 f5 24. exf6 Rxf6 25. Qc7 Rd2 26. Rg3 Qf7 27. Qb8+ Qf8 28. Qxa7 Rxc2 29. Qxb6 Rcxf2 30. h3 Ne4 31. Rg4 Rf1+ 32.
Rxf1 Rxf1+ 33. Kh2 Qd6+ 0-1

[Event "Late-Titled-Tuesday-Blitz-September-19-2023"]
[Site "Chess.com"]
[Date "2023.09.19"]
[Round "3"]
[White "artin10862"]
[Black "AlexOstrovskiy"]
[Result "1-0"]
[WhiteElo "2928"]
[BlackElo "2647"]
[TimeControl "180+1"]
[EndTime "14:26:12 PDT"]
[Termination "artin10862 won by resignation"]

1. Nf3 g6 2. d4 Bg7 3. c4 e6 4. g3 Ne7 5. Bg2 d5 6. O-O O-O 7. Nc3 Nbc6 8. e3 a5 9. b3 b6 10. Re1 Ba6 11. cxd5 exd5 12. Ba3 Re8 13. Rc1 Nb4 14.
Bf1 Bxf1 15. Rxf1 c6 16. Ne2 Qd7 17. Qd2 Nf5 18. Bxb4 axb4 19. Rc2 Qd6 20. Rfc1 Rac8 21. Nf4 f6 22. Nd3 Bf8 23. Nfe1 h5 24. Nf4 Kf7 25.
Ned3 h4 26. Qd1 Be7 27. Nxg6 Nxe3 28. Qh5 1-0

[Event "Late-Titled-Tuesday-Blitz-September-19-2023"]
[Site "Chess.com"]
[Date "2023.09.19"]
[Round "3"]
[White "MAGMAchess02"]
[Black "maciek_92"]
[Result "0-1"]
[WhiteElo "2370"]
[BlackElo "2734"]
[TimeControl "180+1"]
[EndTime "14:26:13 PDT"]
[Termination "maciek_92 won on time"]

1. Nf3 Nf6 2. c4 e6 3. g3 b6 4. Bg2 Bb7 5. O-O Be7 6. b3 O-O 7. Bb2 d5 8. Ne5 Nbd7 9. e3 a5 10.
d3 a4 11. Nd2 c5 12. bxa4 Nxe5 13. Bxe5 Bc6 14. Qe2 Rxa4 15. Rfb1 Nd7 16. Bc3 Qa8 17.
Rb2 Ra3 18. Rc2 b5 19. cxd5 exd5 20. Qg4 Nf6 21. Qf5 Re8 22. Nf3 d4 23. exd4 g6 24. Qf4 Nd5 25. Qd2 Nxc3 26. Rxc3 Rxc3 27. Qxc3 Bxf3 28. Bxf3 Qxf3 29. dxc5 Bf6 0-1

[Event "Late-Titled-Tuesday-Blitz-September-19-2023"]
[Site "Chess.com"]
[Date "2023.09.19"]
[Round "3"]
[White "Nikachu"]
[Black "oskariot"]
[Result "0-1"]
[WhiteElo "2199"]
[BlackElo "2728"]
[TimeControl "180+1"]
[EndTime "14:26:13 PDT"]
[Termination "oskariot won by resignation"]

1. e4 c5 2. Nf3 e6 3. d4 cxd4 4. Nxd4 Nf6 5. Nc3 d6 6. Bc4 Be7 7. Bb3 O-O 8. g4 d5 9. exd5 Nxd5 10. Nxd5 exd5 11. Be3 Nc6 12. Qf3 Be6 13. O-O-O Ne5 14. Qg3 Nc6 15. Nf5 a5 16. a4 Bxf5 17. gxf5 d4 18.
Rhg1 Bf6 19. Bh6 Qb8 20. Bxg7 Qxg3 21. Rxg3 Bxg7 22. Rdg1 Kh8 23. Rxg7 Ne5 24. f4 Ng6 25. fxg6 Kxg7 26. gxf7+ Kf6 27. Kd2 Kf5 28. Rg7 h6 29. Rh7 Kg6 30. f5+ Kxh7 0-1

[Event "Late-Titled-Tuesday-Blitz-September-19-2023"]
[Site "Chess.com"]
[Date "2023.09.19"]
[Round "3"]
[White "victormago"]
[Black "Veleamater"]
[Result "0-1"]
[WhiteElo "2515"]
[BlackElo "2334"]
[TimeControl "180+1"]
[EndTime "14:26:13 PDT"]
[Termination "Veleamater won by checkmate"]

1. d4 d6 2. Nf3 g6 3. c4 Bg7 4.
Nc3 Nf6 5. e4 O-O 6. h3 Nc6 7.
Be3 e5 8. d5 Ne7 9. g4 a6 10.
c5 b5 11. Bd3 b4 12. Ne2 a5 13. Ng3 Nfxd5 14. exd5 Nxd5 15. Bg5 Qe8 16. cxd6 Nf4 17. Bxf4 exf4+ 18. Ne2 cxd6 19. O-O Bb7 20. Ned4 Qd7 21. Re1 h5 22. Bb5 Qc8 23. Rc1 Qd8 24. gxh5 Rb8 25. hxg6 Bxf3 26. gxf7+ Rxf7 27. Qxf3 Qg5+ 28. Kh1 Rxb5 29.
Nxb5 Qxb5 30. Rc8+ Kh7 31. Qe4+ Kh6 32. Rg1 Qh5 33. Rc6 Qxh3# 0-1

[Event "Late-Titled-Tuesday-Blitz-September-19-2023"]
[Site "Chess.com"]
[Date "2023.09.19"]
[Round "3"]
[White "Schwindle"]
[Black "KChor05TTV"]
[Result "0-1"]
[WhiteElo "2423"]
[BlackElo "2592"]
[TimeControl "180+1"]
[EndTime "14:26:15 PDT"]
[Termination "KChor05TTV won on time"]

1. e4 c5 2. Nf3 Nc6 3. d4 cxd4 4. Nxd4 g6 5. c4 Bg7 6. Nc2 Nf6 7. Nc3 O-O 8. Be2 d6 9. O-O Bd7 10. Be3 a5 11.
Rb1 Nb4 12. f3 Nxc2 13. Qxc2 Bc6 14. Nd5 e6 15. Nxf6+ Qxf6 16. b3 d5 17. Bd3 Rfd8 18.
Bb6 Rd7 19. Rbd1 d4 20. f4 e5 21. fxe5 Qxe5 22. Qd2 Bxe4 23. Rde1 f5 24. c5 Rf8 25.
Qxa5 h6 26. Qb5 Re7 27. Qc4+ Kh7 28. Qc2 Qd5 0-1

[Event "Late-Titled-Tuesday-Blitz-September-19-2023"]
[Site "Chess.com"]
[Date "2023.09.19"]
[Round "3"]
[White "Michalczak"]
[Black "FrancescoSorcinelli"]
[Result "1-0"]
[WhiteElo "2509"]
[BlackElo "2136"]
[TimeControl "180+1"]
[EndTime "14:26:15 PDT"]
[Termination "Michalczak won on time"]

1. e4 g6 2. d4 Bg7 3. Nc3 d6 4. Be3 a6 5. h4 h5 6. Nh3 Bxh3 7. Rxh3 b5 8. Qe2 Nd7 9. O-O-O Rc8 10. g4 hxg4 11. Qxg4 Ngf6 12. Qg2 b4 13. Ne2 e5 14. f4 c6 15. dxe5 dxe5 16. fxe5 Nh5 17. e6 O-O 18. Rxd7 Qa5 19. exf7+ Kh7 20. Kb1 b3 21. axb3 Rcd8 22.
Rxd8 Rxd8 23. Nc1 Qe5 24. c3 Rd1 25. Kc2 Rxf1 26. Qxf1 Qxe4+ 27. Qd3 Qe6 28. Rf3 Nf6 29. Bg5 Qxf7 30. h5 1-0

[Event "Late-Titled-Tuesday-Blitz-September-19-2023"]
[Site "Chess.com"]
[Date "2023.09.19"]
[Round "3"]
[White "filipluczak05"]
[Black "Jarming"]
[Result "1-0"]
[WhiteElo "2549"]
[BlackElo "2726"]
[TimeControl "180+1"]
[EndTime "14:26:16 PDT"]
[Termination "filipluczak05 won by resignation"]

1. d4 Nf6 2. Nc3 e6 3. Bf4 Bb4 4. e3 Nd5 5. Ne2 c5 6. a3 Bxc3+ 7. Nxc3 Nxf4 8. exf4 cxd4 9. Qxd4 O-O 10. Qd6 b6 11.
O-O-O Bb7 12. h4 Qf6 13. Rg1 Nc6 14. g4 Rfd8 15. g5 Qe7 16. h5 Kf8 17. h6 gxh6 18. Qd3 f5 19. gxf6 Qxf6 20. Qxh7 Ne7 21. Bg2 d5 22. Bh3 Rac8 23. Rde1 Rd6 24. Bxe6 Rxe6 25. Rxe6 Qxe6 26. Qh8+ Ng8 27. Qg7+ Ke8 28. f5 Qf7 29. Qxg8+ Qxg8 30. Rxg8+ Kd7 31. Rg7+ Kc6 32.
Rg6+ Kc5 33. Rxh6 Rf8 34. f6 d4 35. Ne2 Be4 36. Nf4 Kd6 37. Kd2 Ke5 38. Nd3+ Bxd3 39.
Kxd3 Ke6 40. f3 Rc8 41. Rh7 a5 42. Rb7 Kxf6 43. Rxb6+ Ke5 44. Rb5+ Kf4 45. Rxa5 Kxf3 46. Rd5 Rb8 47. b3 Rc8 48. Rxd4 Kf2 49. Rc4 Rd8+ 50. Kc3 Ke2 51. a4 Kd1 52. Rd4+ Kc1 53. Rxd8 1-0

[Event "Late-Titled-Tuesday-Blitz-September-19-2023"]
[Site "Chess.com"]
[Date "2023.09.19"]
[Round "3"]
[White "sergiochess83"]
[Black "chessdjw"]
[Result "0-1"]
[WhiteElo "2896"]
[BlackElo "2662"]
[TimeControl "180+1"]
[EndTime "14:26:17 PDT"]
[Termination "chessdjw won by resignation"]

1. d4 Nf6 2. c4 e6 3. Nc3 Bb4 4. e3 O-O 5. Bd3 c5 6. Ne2 d5 7.
cxd5 cxd4 8. exd4 Nxd5 9. a3 Bd6 10. Bc2 Nc6 11. Qd3 g6 12. Ne4 e5 13. Bh6 Re8 14.
dxe5 Bxe5 15. O-O-O Qb6 16. Qb3 Be6 17. Qxb6 Nxb6 18.
f4 Bh8 19. Nd6 Nc4 20. Nxc4 Bxc4 21. Nc3 Nd4 22. Rhe1 f5 23. h3 Kf7 24. g4 b5 25.
Bd3 Bxd3 0-1

[Event "Late-Titled-Tuesday-Blitz-September-19-2023"]
[Site "Chess.com"]
[Date "2023.09.19"]
[Round "3"]
[White "guillembaches"]
[Black "alexrustemov"]
[Result "0-1"]
[WhiteElo "2502"]
[BlackElo "2792"]
[TimeControl "180+1"]
[EndTime "14:26:17 PDT"]
[Termination "alexrustemov won on time"]

1. e4 e6 2. d4 d5 3. exd5 exd5 4. Nf3 Bf5 5. Bd3 Bxd3 6. Qxd3 Nc6 7. O-O Bd6 8. c3 Nge7 9. b4 a6 10. a4 Qd7 11. Ba3 O-O 12. b5 Na5 13. Nbd2 Bxa3 14. Rxa3 Qf5 15. Qxf5 Nxf5 16. Ne5 f6 17. Nd7 Rfe8 18.
Nc5 Nd6 19. Rb1 Nac4 20. Nxc4 Nxc4 21. Raa1 axb5 22. axb5 Na3 23. Re1 Rxe1+ 24. Rxe1 Nxb5 25. Nxb7 Nxc3 26. g3 Ne4 27. f3 Nd2 28. Kf2 Kf7 29. Nc5 Nc4 30. Rb1 Ra2+ 31. Kg1 Nd2 32. Rb7 Nxf3+ 33.
Kf1 Nxh2+ 34. Ke1 Nf3+ 35. Kd1 Ra1+ 36. Kc2 Nxd4+ 37. Kb2 Re1 38. Rxc7+ Re7 39. Rc8 Nf5 0-1

[Event "Late-Titled-Tuesday-Blitz-September-19-2023"]
[Site "Chess.com"]
[Date "2023.09.19"]
[Round "3"]
[White "GlavkonVVS"]
[Black "Lady_Nika"]
[Result "0-1"]
[WhiteElo "2592"]
[BlackElo "2459"]
[TimeControl "180+1"]
[EndTime "14:26:17 PDT"]
[Termination "Lady_Nika won by resignation"]

1. c4 e6 2. g3 d5 3. Bg2 Nf6 4. Nf3 c5 5. O-O Nc6 6. d3 d4 7.
e3 e5 8. exd4 exd4 9. Re1+ Be7 10. b4 Nxb4 11. Ne5 O-O 12. a3 Na6 13. Nd2 Rb8 14. Nb3 Bd6 15. Bg5 h6 16. Bd2 Bf5 17.
Na5 Bxe5 18. Rxe5 Bxd3 19. Nxb7 Qd7 20. Bxh6 Bg6 21. Nxc5 Nxc5 22. Rxc5 gxh6 23. Qd2 Kg7 24. Rd1 d3 25. h4 Qd4 26. Rc7 Rb2 27. Qe3 Qxe3 28.
fxe3 d2 29. Rb7 Rxb7 30. Bxb7 Rd8 31. Bd5 Ne4 32. Kg2 Bh5 33. Bxe4 Bxd1 0-1

[Event "Late-Titled-Tuesday-Blitz-September-19-2023"]
[Site "Chess.com"]
[Date "2023.09.19"]
[Round "3"]
[White "Francisco_Ferrari"]
[Black "lefonghua"]
[Result "0-1"]
[WhiteElo "2374"]
[BlackElo "2654"]
[TimeControl "180+1"]
[EndTime "14:26:19 PDT"]
[Termination "lefonghua won by checkmate"]

1. e4 c5 2. Nf3 g6 3. d4 cxd4 4. Nxd4 Bg7 5. c4 Nc6 6. Be3 Nf6 7. Nc3 d6 8. Be2 O-O 9. O-O Bd7 10. h3 Nxd4 11.
Bxd4 Bc6 12. Qc2 a5 13. b3 Nd7 14. Bxg7 Kxg7 15. Rad1 Qb6 16. Nd5 Bxd5 17. exd5 a4 18.
Rb1 axb3 19. axb3 Qb4 20. Bg4 Nc5 21. Rfe1 Rfe8 22. Re3 b5 23. Rbe1 bxc4 24. Qxc4 Qxc4 25. bxc4 Ra7 26. Rb1 Rc7 27. Kf1 h5 28. Bd1 Kf8 29.
Bc2 Rec8 30. Ke2 Nd7 31. Bd3 Ne5 32. Rc1 Nxc4 33. Bxc4 Rxc4 34. Rxc4 Rxc4 35. Ra3 h4 36.
Ra8+ Kg7 37. Ra7 Kf6 38. Kd3 Rb4 39. Ra8 Rb2 40. Ke3 Ke5 41. Re8 Rb3+ 42. Ke2 Rb7 43. Rh8 g5 44. Rh5 f6 45. g3 hxg3 46. fxg3 Ke4 47.
h4 gxh4 48. gxh4 f5 49. Rg5 Rb2+ 50. Kd1 Rh2 51. h5 f4 52. Ke1 Ke3 53. Kf1 f3 54.
Rf5 Rh1# 0-1

[Event "Late-Titled-Tuesday-Blitz-September-19-2023"]
[Site "Chess.com"]
[Date "2023.09.19"]
[Round "3"]
[White "FairChess_on_YouTube"]
[Black "greekplayer1"]
[Result "1-0"]
[WhiteElo "3073"]
[BlackElo "2709"]
[TimeControl "180+1"]
[EndTime "14:26:20 PDT"]
[Termination "FairChess_on_YouTube won by resignation"]

1. Nf3 Nf6 2. c4 g6 3. b4 Bg7 4.
Bb2 a5 5. b5 O-O 6. g3 d6 7.
Bg2 e5 8. O-O Re8 9. d3 Nbd7 10.
Nfd2 Nc5 11. Nc3 Rb8 12. Ba3 b6 13. Bxc5 dxc5 14. Bc6 Bd7 15. Bxd7 Qxd7 16. Nde4 Rbd8 17. Nxf6+ Bxf6 18. Nd5 Bg7 19. e4 Re6 20. Qf3 Rf8 21. g4 f5 22. Rae1 f4 23. g5 Rd6 24. Kh1 Kf7 25.
Rg1 Rh8 26. Rg4 Ke8 27. Rh4 Kd8 28. Qg2 Qf7 29. Qg4 Rd7 30. Kg2 Kc8 31. Qh3 Kb7 32.
Kf3 Bf8 33. Ke2 Rd6 34. Rg1 h5 35. gxh6 g5 36. Rxg5 Rdxh6 37. Rxh6 Rxh6 38. Qf5 Qxf5 39. exf5 Rxh2 40. f6 Rh3 41. Rg8 Bh6 42. f7 f3+ 43. Kd1 Rh1+ 44. Kc2 Ra1 45. Nc3 Rc1+ 46. Kb3 a4+ 47.
Nxa4 Rf1 48. f8=Q Bxf8 49. Rxf8 Rxf2 50. Nc3 1-0